 Dungeon Crawl Stone Soup version 0.30.0-18-gc0e69614cb (webtiles) character file.

Game seed: 2989808070807643316

7 monsoonserge the Conjurer (level 1, -3/14 HPs)
             Began as a Draconian Conjurer on May 25, 2023.
             Frozen to death by an endoplasm (5 damage)
             ... on level 1 of the Dungeon.
             The game lasted 00:00:42 (70 turns).

monsoonserge the Conjurer (Draconian Conjurer)        Turns: 70, Time: 00:00:42

Health: -3/14      AC:  4    Str:  9    XL:     1   Next: 83%
Magic:  1/3        EV: 12    Int: 18    God:
Gold:   15         SH:  0    Dex:  9    Spells: 3/4 levels left

rFire   . . .        (no weapon)
rCold   . . .        (no shield)
rNeg    . . .        (body armour unavailable)
rPois   .            (helmet restricted)
rElec   .            (no cloak)
rCorr   .            (no gloves)
SInv    .            (no boots)
Will    .....        (no amulet)
Stlth   ++           (no ring)
HPRegen 0.22/turn    (no ring)
MPRegen 0.08/turn

%: no passive effects
@: no status effects
A: AC +4, unfitting armour, cold-blooded
a: no special abilities


You were on level 1 of the Dungeon.
You visited 1 branch of the dungeon, and saw 1 of its levels.

You collected 15 gold pieces.

Inventory:

Scrolls
 b - 2 scrolls of brand weapon {unknown}
Potions
 a - a potion of magic


   Skills:
 + Level 1.8 Dodging
 + Level 1.9 Stealth
 + Level 0.2 Unarmed Combat
 + Level 2.0 Spellcasting
 + Level 4.2 Conjurations


You had 3 spell levels left.
You knew the following spells:

 Your Spells              Type           Power      Damage    Failure   Level
a - Magic Dart            Conj           68%        1d6       3%          1

Your spell library contained the following spells:

 Spells                   Type           Power      Damage    Failure   Level
 Searing Ray              Conj           34%        2d5       4%          2
 Dazzling Flash           Conj/Hex       18%        N/A       22%         3
 Fulminant Prism          Conj/Hex       4%         3d5       58%         4
 Iskenderun's Mystic Bla  Conj/Tloc      9%         2d4       58%         4


Dungeon Overview and Level Annotations

Branches:
Dungeon (1/15)

Altars:


Innate Abilities, Weirdness & Mutations

Your plain brown scales are hard. (AC +4)
You cannot fit into any form of body armour.
You are cold-blooded and may be slowed by cold attacks.


Message History

You are frozen.
* * * LOW HITPOINT WARNING * * *
The jackal barely misses you.
Unknown command.
You closely miss the jackal.
The jackal is heavily wounded.
You feel yourself speed up. The jackal closely misses you.
The endoplasm hits you but does no damage.
The jackal bites you but does no damage.
You hit the jackal. You tail-slap the jackal.
The jackal is almost dead.
The rat barely misses you.
The endoplasm hits you but does no damage.
The jackal bites you but does no damage.
You hit the jackal.
You kill the jackal!
The rat closely misses you. The endoplasm closely misses you.
Casting: Magic Dart (safe; 3% risk of failure)
Confirm with . or Enter, or press ? or * to list all spells.
You don't have enough magic to cast this spell.
Unknown command.
You closely miss the rat. The rat barely misses you.
The endoplasm closely misses you.
You closely miss the rat. You tail-slap the rat.
The rat is moderately wounded.
The rat barely misses you. The endoplasm barely misses you.
You hit the rat.
You kill the rat!
The endoplasm hits you.
* * * LOW HITPOINT WARNING * * *
You hit the endoplasm but do no damage.
The endoplasm is moderately wounded.
The endoplasm hits you.
* * * LOW HITPOINT WARNING * * *
You hit the endoplasm but do no damage. You tail-slap the endoplasm.
The endoplasm is heavily wounded.
The endoplasm freezes you.
You are frozen.
You die...

<.# #...
###.######..##
..# #...
#..$..#....#
#..# #..
###........#
#..#
#.#l#.##.#
##.. ...#...##
#.#
#####†...#...
.# ###l.....#
#(
##.Jg.......
#.@##....##.
#..†.†........
#..#####...#..
#.. ...##. #.
...# .. ..##
.. ...


You could see an endoplasm, a hobgoblin and a frilled lizard.

Vanquished Creatures
  A dart slug (D:1)
  A jackal (D:1)
  2 frilled lizards (D:1)
  2 rats (D:1)
6 creatures vanquished.

Notes
Turn   | Place    | Note
-------+----------+-------------------------------------------
     0 | D:1      | monsoonserge the Draconian Conjurer began the quest for the
                  | Orb.
     0 | D:1      | Reached XP level 1. HP: 14/14 MP: 3/3
    70 | D:1      | Frozen to death by an endoplasm

Illustrated notes

Levels and vault maps discovered:
D:1:      dpeg_arrival_simpleton_a, layout_rooms,
          wander_ebering_terrifying_dragon_lair

Action                     || total
---------------------------++-------
  Melee: Unarmed           ||    28
         Tailslap          ||     6
   Cast: Magic Dart        ||     3
 Armour: Skin              ||     8
  Dodge: Dodged            ||    20
